AoeStats
← DayMinotaur1159

MegaRandom

504204335Analyzed
1v1 RM · 28d ago on Sep 4, 2026· 16m 39s· 2 players
Game mode
Random Map
Map size
Tiny (2 player)
Population
200
Speed
Normal
Resources
Standard
Victory
Conquest
Starting age
Dark Age
Ending age
Imperial Age
RankedLock teamsTeams togetherTeam positionsShared explorationLock speedFull tech treeHidden civsTurbo modeCheats
Victory
Defeat
🇧🇬 Bulgarians · Bulgaria
1045
+15
🇦🇺 Berbers · Australia
1030
-15
Hetairoi
10:52 Feudal Age
11:48 Double-Bit Axe
14:08 Loom
15:35 Horse Collar
DayMinotaur1159
2:50 Loom
10:02 Feudal Age
13:57 Forging
14:36 Scale Mail Armor
14:51 Arson
Connection lost

Rejoining the realm…

Still unreachable

The connection could not be restored.

Session expired

The server has moved on; the page needs a fresh start.